 Dungeon Crawl Stone Soup version 0.27-a0-1202-ge72e49191c (webtiles) character file.

Game seed: 14013807626255401892

462 polve the Skirmisher (level 6, -5/49 HPs)
             Began as a Demonspawn Abyssal Knight on June 4, 2021.
             Was a Priest of Lugonu.
             Slain by Sigmund
             ... wielding a +1 scythe of venom
              (10 damage)
             ... on level 4 of the Dungeon.
             The game lasted 00:03:11 (3733 turns).

polve the Skirmisher (Demonspawn Abyssal Knight)    Turns: 3733, Time: 00:03:12

Health: -5/49      AC: 10    Str: 15    XL:     6   Next: 79%
Magic:  7/7        EV: 11    Int: 15    God:    Lugonu [***...]
Gold:   152        SH:  4    Dex: 12    Spells: 5/5 levels left

rFire    . . .     SeeInvis .   i - +0 dagger (venom)
rCold    + . .     Faith    .   r - +0 buckler
rNeg     . . .     Spirit   .   b - +0 leather armour
rPois    .         Reflect  .   v - +2 helmet
rElec    .         Harm     .   (no cloak)
rCorr    .         Rampage  .   (no gloves)
Will     .....                  (no boots)
Stlth    +.........             (no amulet)
HPRegen  0.16/turn              d - +4 ring of protection
MPRegen  0.10/turn              h - ring of protection from cold

@: lethally poisoned (-5 -> -16)
A: talons 1, powered by death 1, big brain 1
a: Renounce Religion, Depart the Abyss, Bend Space, Banish


You were on level 4 of the Dungeon.
You worshipped Lugonu.
Lugonu was most pleased with you.
You visited 1 branch of the dungeon, and saw 4 of its levels.
You visited the Abyss 1 time.

You collected 152 gold pieces.

Inventory:

Hand Weapons
 a - a +1 short sword
 i - a +0 dagger of venom (weapon)
Armour
 b - a +0 leather armour (worn)
 r - a +0 buckler (worn)
 v - a +2 helmet (worn)
Jewellery
 d - a +4 ring of protection (left hand)
 h - a ring of protection from cold (right hand)
 k - a ring of protection from cold
Wands
 n - a wand of paralysis (26)
Scrolls
 c - 2 scrolls of teleportation {unknown}
 e - a scroll of summoning {unknown}
 f - 7 scrolls of identify {unknown}
 l - a scroll of vulnerability {unknown}
 m - a scroll of noise {unknown}
 q - 2 scrolls of immolation {unknown}
 s - a scroll of silence {unknown}
Potions
 g - a potion of haste
 j - a potion of brilliance {unknown}
 o - a potion of heal wounds {unknown}
 p - 3 potions of curing {unknown}
 t - a potion of ambrosia {unknown}
 u - a potion of lignification {unknown}


   Skills:
 * Level 4.6 Fighting
 - Level 4.0 Short Blades
 + Level 2.8 Armour
 + Level 2.3 Dodging
 * Level 2.4 Shields
 - Level 2.4 Invocations


You had 5 spell levels left.
You didn't know any spells.
Your spell library contained the following spells:

 Spells                   Type           Power      Damage    Failure   Level
 Magic Dart               Conj           0%         1d3       38%         1
 Blink                    Tloc           N/A        N/A       52%         2
 Call Imp                 Summ           0%         N/A       52%         2
 Slow                     Hex            0%         N/A       52%         2
 Confusing Touch          Hex            0%         N/A       77%         3
 Conjure Flame            Conj/Fire      0%         6-21      77%         3
 Gell's Gravitas          Tloc           0%         N/A       77%         3
 Mephitic Cloud           Conj/Pois/Air  0%         N/A       77%         3
 Petrify                  Tmut/Erth      0%         N/A       99%         4
 Metabolic Englaciation   Hex/Ice        0%         N/A       100%        5
 Yara's Violent Unravell  Hex/Tmut       0%         3d3       100%        5


Dungeon Overview and Level Annotations

Branches:
Dungeon (4/15)
 Temple: D:4-7

Altars:
Ashenzari
Vehumet
Yredelemnul

Shops:
D:2 !   D:3 !*:

Annotations:
D:4 1 runed translucent door, Sigmund


Innate Abilities, Weirdness & Mutations

You have sharp toenails.
You regenerate a little health from kills.
You have an unusually large brain. (Int +2)


Message History

You swing at nothing.
A hound comes into view.
A hobgoblin comes into view.
The hound barks!
You hear some strange, mumbled words.
A puff of flame appears from out of thin air!
The puff of flame hits you!
You hit the hound.
The hound is poisoned.
The hound is moderately wounded.
The hound closely misses you. Something hits you!
You are poisoned.
The hound misses you.
You hit the hound.
The hound is severely wounded.
You feel very sick. Something hits you but does no damage.
The hound bites you but does no damage.
You hit the hound but do no damage.
The hound looks as sick as possible!
Your kick misses the hound.
The hound is severely wounded.
You feel very sick. The hound misses you. Something hits you!
You are lethally poisoned!
You hit the hound but do no damage.
The hound looks as sick as possible!
Your kick misses the hound.
The hound is almost dead.
* * * LOW HITPOINT WARNING * * *
You feel very sick.
You kill the hound!
Lugonu accepts your kill.
You swing at nothing.
* * * LOW HITPOINT WARNING * * *
You feel very sick. Something hits you but does no damage.
You swing at nothing.
* * * LOW HITPOINT WARNING * * *
You feel very sick. Something barely misses you.
You swing at nothing.
* * * LOW HITPOINT WARNING * * *
You feel sick. Something hits you!
You die...

#. .## ##. ...
#... #. #..# ###
##...# #..
#...{g## ...
#.†# #.. ##@#
#.. #.### #..
#...# #.. ###.#
#.. #.# #.. #.#
#.. #.## ###
#..## ########
##.##.###.......


You could see a hobgoblin.

Vanquished Creatures
  An ogre (D:4)
  The ghost of admon the Shield-Bearer, an amateur VSFi of Trog (D:3)
  A bullfrog (D:4)
  A hound (D:4)
  A human skeleton (D:4)
  Robin (D:2)
  5 gnolls
  2 adders
  2 adder skeletons (D:4)
  3 worms
  2 dart slugs
  5 orcs
  8 ball pythons
  7 endoplasms
  2 giant cockroaches
  12 goblins
  10 hobgoblins
  10 jackals
  3 quokkas
  6 bats
  A frilled lizard (D:3)
  5 kobolds
  5 rats
94 creatures vanquished.

Notes
Turn   | Place    | Note
-------+----------+-------------------------------------------
     0 | Abyss:1  | polve the Demonspawn Abyssal Knight began the quest for the
                  | Orb.
     0 | Abyss:1  | Reached XP level 1. HP: 18/18 MP: 2/2
    53 | Abyss:1  | Noticed a large abomination
    60 | D:1      | Escaped the Abyss
   329 | D:1      | Gained mutation: You have sharp toenails. [demonic
                  | ancestry]
   329 | D:1      | Reached XP level 2. HP: 24/24 MP: 3/3
   487 | D:1      | Reached * piety under Lugonu
   672 | D:1      | Reached XP level 3. HP: 20/29 MP: 4/4
  1075 | D:1      | Found a faded altar of an unknown god.
  1336 | D:2      | Noticed Robin
  1358 | D:2      | Killed Robin
  1614 | D:2      | Gained mutation: You regenerate a little health from kills.
                  | [demonic ancestry]
  1614 | D:2      | Reached XP level 4. HP: 23/35 MP: 5/5
  1621 | D:2      | Reached skill level 1 in Dodging
  1963 | D:2      | Found Lusaczut's Distillery.
  2378 | D:3      | Found Voweah's Book Emporium.
  2405 | D:3      | Found a runed translucent door.
  2411 | D:3      | Reached ** piety under Lugonu
  2603 | D:3      | Found a broken altar of Ashenzari.
  2648 | D:3      | Reached XP level 5. HP: 33/41 MP: 6/6
  2703 | D:3      | Noticed admon's ghost (amateur VSFi)
  2758 | D:3      | Found Xieh's Assorted Antiques.
  2874 | D:3      | Found a radiant altar of Vehumet.
  3106 | D:3      | Found Houren's Distillery.
  3211 | D:3      | Killed admon's ghost
  3212 | D:3      | Reached skill level 1 in Shields
  3412 | D:4      | Gained mutation: You have an unusually large brain. (Int
                  | +2) [demonic ancestry]
  3412 | D:4      | Reached XP level 6. HP: 48/48 MP: 7/7
  3515 | D:4      | Paralysed by a kobold for 4 turns
  3526 | D:4      | Paralysed by a kobold for 6 turns
  3587 | D:4      | Found a runed translucent door.
  3587 | D:4      | Noticed a human
  3588 | D:4      | Found a basalt altar of Yredelemnul.
  3689 | D:4      | Reached *** piety under Lugonu
  3722 | D:4      | Noticed Sigmund
  3733 | D:4      | Slain by Sigmund

Illustrated notes

Levels and vault maps discovered:
D:1:      wheals_arrival_linesprint, layout_basic,
          chequers_ecumenical_altar_simple_redux, serial_curves, eino_curves_03,
          eino_curves_04, eino_curves_01, eino_curves_02
D:2:      layout_loops_ring, serial_shops, shop, uniq_robin
D:3:      layout_basic, nicolae_vehumet_altar_sigil, lemuel_tele_altar,
          serial_shops, shop_statue, shop, nicolae_shop_stone,
          ebering_ghost_reflecting_pool, dk_vineyard_3, grunt_ministairs_2,
          serial_bayou_pond_e
D:4:      layout_rooms, dk_yredelemnul_ordeal, grunt_ministairs_2,
          serial_park_tiny_2, minmay_manual_macuahuitl, uniq_sigmund

Skill      XL: |  1  2  3  4  5  6 |
---------------+-------------------+-----
Short Blades   | 2 3 4 |  4.0
Dodging        | 1 2 |  2.3
Armour         | 2 |  2.8
Fighting       | 4 |  4.6
Shields        | 1 2 |  2.4
Invocations    | |  2.4

Action                   |  1- 3 |  4- 6 || total
-------------------------+-------+-------++-------
Melee: Short sword       |    47 |    24 ||    71
       Dagger            |    57 |   211 ||   268
       Kick              |    18 |    61 ||    79
Invok: Depart the Abyss  |     1 |       ||     1
 Stab: Sleeping          |       |     1 ||     1
Armor: Leather armour    |    54 |   102 ||   156
Dodge: Dodged            |    55 |   136 ||   191
Block: Buckler           |       |    19 ||    19

Table legend: (Time is in decaauts)
 A = Elapsed time spent in this place.
 B = Non-inter-level travel time spent in this place.
 C = Inter-level travel time spent in this place.
 D = Time resting spent in this place.
 E = Time spent auto-exploring this place.
 F = Levels seen in this place.
 G = Mean time per level.
                   A        B        C        D        E       F      G
               +--------+--------+--------+--------+--------+-----+--------+
         Total |   3693 |   3455 |    238 |      0 |   2770 |   5 |  738.6 |
       Dungeon |   3633 |   3395 |    238 |      0 |   2717 |   4 |  908.2 |
         Abyss |     60 |     60 |      0 |      0 |     53 |   1 |   60.0 |
               +--------+--------+--------+--------+--------+-----+--------+

Top non-repeatable levels by time:
     D:1: 1214 daAuts
     D:2: 1051 daAuts
     D:3: 1033 daAuts
     D:4: 333 daAuts
 Abyss:1: 60 daAuts
